AoeStats
← Kulishaak

Arabia

510046108Analyzed
1v1 RM · 2d ago on Sep 29, 2026· 30m 42s· 2 players
Game mode
Random Map
Map size
Tiny (2 player)
Population
200
Speed
Normal
Resources
Standard
Victory
Conquest
Starting age
Dark Age
Ending age
Imperial Age
RankedLock teamsTeams togetherTeam positionsShared explorationLock speedFull tech treeHidden civsTurbo modeCheats
Victory
Defeat
🇨🇿 Saxons · Czechia
1146
+18
🇨🇳 Chinese · China
1181
-18
Kulishaak
1:03 Loom
9:26 Feudal Age
10:28 Man-at-Arms
12:41 Double-Bit Axe
12:38 Horse Collar
15:39 Gold Mining
16:42 Padded Archer Armor
16:45 Fletching
18:14 Scale Mail Armor
18:12 Arson
18:59 Padded Archer Armor
24:00 Castle Age
23:55 Forging
24:00 Stone Mining
24:06 Long Swordsman
24:15 Crossbowman
25:29 Squires
25:46 Chain Mail Armor
26:32 Bow Saw
28:04 Gambesons
28:49 Pikeman
永不磨損型
0:27 Loom
11:40 Feudal Age
11:48 Man-at-Arms
13:39 Wheelbarrow
12:54 Double-Bit Axe
14:30 Forging
16:46 Scale Mail Armor
18:11 Bloodlines
27:29 Castle Age
26:18 Gold Mining
28:11 Husbandry
Connection lost

Rejoining the realm…

Still unreachable

The connection could not be restored.

Session expired

The server has moved on; the page needs a fresh start.